 Dungeon Crawl Stone Soup version 0.27-a0-972-gd1521fd518 (webtiles) character file.

Game seed: 18403197442623843869

34 Froggeryz the Ruffian (level 3, -1/28 HPs)
             Began as a Demigod Transmuter on Apr 14, 2021.
             Slain by an adder (3 damage)
             ... on level 2 of the Dungeon.
             The game lasted 00:02:32 (2014 turns).

Froggeryz the Ruffian (Demigod Transmuter)          Turns: 2014, Time: 00:02:33

Health: -1/28      AC:  3    Str: 15    XL:     3   Next: 1%
Magic:  8/8        EV: 12    Int: 15    God:
Gold:   71         SH:  0    Dex: 14    Spells: 5/6 levels left

rFire    . . .     SeeInvis .   e - +0 lajatang
rCold    . . .     Faith    .   (shield currently unavailable)
rNeg     . . .     Spirit   .   a - +0 robe
rPois    .         Reflect  .   b - +0 helmet
rElec    .         Harm     .   (no cloak)
rCorr    .         Rampage  .   (no gloves)
Will     .....                  (no boots)
Stlth    +.........             (no amulet)
HPRegen  0.09/turn              (no ring)
MPRegen  0.11/turn              (no ring)

@: lethally poisoned (-1 -> -8)
A: high mp 1, forlorn
a: no special abilities


You were on level 2 of the Dungeon.
You visited 1 branch of the dungeon, and saw 2 of its levels.

You collected 71 gold pieces.

Inventory:

Hand Weapons
 e - a +0 lajatang (weapon)
Missiles
 d - 5 javelins (quivered)
Armour
 a - a +0 robe (worn)
 b - a +0 helmet (worn)
Scrolls
 c - a scroll of teleportation {unknown}
 f - a scroll of acquirement {unknown}
 g - a scroll of magic mapping {unknown}


   Skills:
 - Level 1.1 Fighting
 * Level 0.3 Staves
 - Level 1.7 Dodging
 - Level 3.4 Unarmed Combat
 - Level 2.0 Spellcasting
 - Level 2.0 Transmutations


You had 5 spell levels left.
You knew the following spells:

 Your Spells              Type           Power      Damage    Failure   Level
a - Beastly Appendage     Tmut           14%        N/A       10%         1

Your spell library contained the following spells:

 Spells                   Type           Power      Damage    Failure   Level
 Wereblood                Tmut           7%         N/A       14%         2
 Spider Form              Tmut/Pois      2%         N/A       41%         3
 Confusing Touch          Hex            1%         N/A       54%         3
 Gell's Gravitas          Tloc           0%         N/A       54%         3
 Ice Form                 Ice/Tmut       4%         N/A       82%         4
 Petrify                  Tmut/Erth      4%         N/A       82%         4
 Hydra Form               Tmut           3%         N/A       95%         5
 Metabolic Englaciation   Hex/Ice        0%         N/A       99%         5
 Yara's Violent Unravell  Hex/Tmut       2%         3d3       99%         5


Dungeon Overview and Level Annotations

Branches:
Dungeon (2/15)


Innate Abilities, Weirdness & Mutations

Your attributes grow dramatically as you level up.
You have an increased reservoir of magic. (+10% MP)
You shall have no god before yourself.


Message History

You barely miss the adder.
You feel sick. The adder barely misses you.
You closely miss the adder.
You feel sick. The adder barely misses you. The adder closely misses you.
You slash the adder!
The adder is almost dead.
You feel sick. The adder misses you. The adder closely misses you.
You closely miss the adder.
The adder is almost dead.
You feel sick.
You are no longer poisoned.
The adder bites you.
You are poisoned.
The adder poisons you! The adder completely misses you.
You barely miss the adder.
The adder is severely wounded.
You feel sick. The adder bites you but does no damage.
The adder closely misses you.
You miss the adder.
The adder is severely wounded.
You feel sick. The adder bites you.
You are more poisoned.
The adder poisons you!
You are too injured to fight recklessly!
You are too injured to fight recklessly!
You are too injured to fight recklessly!
You barely miss the adder.
The adder is severely wounded.
You feel sick.
The adder bites you but does no damage. x2
You closely miss the adder.
The adder is severely wounded.
You feel sick. The adder bites you but does no damage. The adder bites you.
* * * LOW HITPOINT WARNING * * *
You are lethally poisoned!
The adder poisons you!
You miss the adder.
The adder is severely wounded.
* * * LOW HITPOINT WARNING * * *
You feel very sick. The adder bites you.
You die...

#......# #
........########### #
........# #.....# #
........#####....†######
........+.........'.....
........# #.......######
........# #....#.......>
......S.###....#+#######
.......@.##........# #
#####....#.........# #
#..............#
##.............#
#..._..###..>.# #......#
#....+ .........# #....#
.........# #....#
..........# ....#


You could see an adder.

Vanquished Creatures
  An endoplasm (D:1)
  A giant cockroach (D:1)
  4 goblins (D:1)
  3 hobgoblins
  5 kobolds (D:1)
  4 quokkas (D:1)
  4 ball pythons (D:1)
  3 bats (D:1)
  4 frilled lizards
  A rat (D:2)
30 creatures vanquished.

Notes
Turn   | Place    | Note
-------+----------+-------------------------------------------
     0 | D:1      | Froggeryz the Demigod Transmuter began the quest for the
                  | Orb.
     0 | D:1      | Reached XP level 1. HP: 15/15 MP: 5/5
   182 | D:1      | Reached skill level 1 in Fighting
   444 | D:1      | Reached skill level 3 in Unarmed Combat
   597 | D:1      | Reached XP level 2. HP: 20/23 MP: 7/7
  1880 | D:2      | Reached XP level 3. HP: 26/28 MP: 8/8
  2014 | D:2      | Slain by an adder

Illustrated notes

Levels and vault maps discovered:
D:1:      ebering_hopf_link, layout_rooms, hellmonk_ecumenical_altar_crossroads
D:2:      layout_basic, basic_altar

Skill      XL: |  1  2 |
---------------+-------+-----
Fighting       | 1 |  1.1
Unarmed Combat | 3 |  3.4
Transmutations | 2 |  2.0
Spellcasting   | 2 |  2.0
Staves         | |  0.3
Dodging        | |  1.7

Action                   || total
-------------------------++-------
Melee: Unarmed           ||    98
       Lajatang          ||    27
       Punch             ||     1
Throw: Javelin           ||     2
  Use: Potion            ||     1
 Stab: Sleeping          ||     1
Armor: Robe              ||    37
Dodge: Dodged            ||    95

Table legend: (Time is in decaauts)
 A = Elapsed time spent in this place.
 B = Non-inter-level travel time spent in this place.
 C = Inter-level travel time spent in this place.
 D = Time resting spent in this place.
 E = Time spent auto-exploring this place.
 F = Levels seen in this place.
 G = Mean time per level.
                   A        B        C        D        E       F      G
               +--------+--------+--------+--------+--------+-----+--------+
         Total |   2019 |   2009 |     10 |    418 |   1264 |   2 | 1009.5 |
       Dungeon |   2019 |   2009 |     10 |    418 |   1264 |   2 | 1009.5 |
               +--------+--------+--------+--------+--------+-----+--------+

Top non-repeatable levels by time:
     D:1: 1796 daAuts
     D:2: 222 daAuts
